[Event "25th Abu Dhabi Master 2018"]
[Site "Abu Dhabi"]
[Date "2018.08.08"]
[Round "2"]
[White "Sahil, Tickoo"]
[Black "Padmini, Rout"]
[Result "0-1"]
[ECO "D35"]
[WhiteElo "2192"]
[BlackElo "2338"]
[Annotator "NA"]
[PlyCount "102"]
[EventDate "2018.08.05"]
[EventType "swiss"]
[EventCountry "UAE"]
[SourceTitle "playchess.com"]
[Source "ChessBase"]
[SourceQuality "1"]
[TimeControl "5400+30"]

1. d4 Nf6 2. c4 e6 3. Nc3 d5 4. cxd5 Nxd5 5. Bd2 c5 6. Nxd5 Qxd5 7. dxc5 Bxc5 8. Bc3 Qxd1+ 9. Rxd1 f6 10. e3 Nc6 11. Nf3 e5 12. Bc4 Ke7 13. h3 Be6 14. Bxe6 Kxe6 15. e4 Rhc8 16. Ke2 b5 17. Rd5 Ne7 18. Rdd1 a5 19. Bd2 h6 20. Rc1 f5 21. Be3 Bd6 22. exf5+ Nxf5 23. g4 Ne7 24. Rxc8 Rxc8 25. Rc1 Rxc1 26. Bxc1 Kd5 27. Be3 a4 28. Nd2 Bb4 29. f3 Bxd2 30. Bxd2 Nc6 31. Ke3 g5 32. h4 gxh4 33. Kf2 e4 34. f4 Kc4 35. Be1 Kd3 36. Kg2 Ke3 37. f5 Ne5 38. Bc3 Nxg4 39. f6 Nxf6 40. Bxf6 Kd2 41. Bg7 h5 42. Bh6+ Kc2 43. b3 axb3 44. axb3 Kxb3 45. Kf2 Kc4 46. Ke3 Kd5 47. Bg5 h3 48. Bf4 b4 49. Kd2 Kc4 50. Bh2 b3 51. Bf4 e3+ 0-1

[Event "25th Abu Dhabi Master 2018"]
[Site "Abu Dhabi"]
[Date "2018.08.08"]
[Round "2"]
[White "Senthil, Maran K"]
[Black "Aronyak, Ghosh"]
[Result "1/2-1/2"]
[ECO "D27"]
[WhiteElo "2167"]
[BlackElo "2318"]
[Annotator "NA"]
[PlyCount "114"]
[EventDate "2018.08.05"]
[EventType "swiss"]
[EventCountry "UAE"]
[SourceTitle "playchess.com"]
[Source "ChessBase"]
[SourceQuality "1"]
[TimeControl "5400+30"]

1. d4 d5 2. Nf3 Nf6 3. c4 dxc4 4. e3 e6 5. Bxc4 c5 6. O-O a6 7. dxc5 Bxc5 8. Qxd8+ Kxd8 9. Nbd2 Ke7 10. Nb3 Bd6 11. Bd2 b6 12. Rac1 Bb7 13. Be2 Nbd7 14. Nfd4 Rac8 15. f3 g6 16. e4 e5 17. Nc2 Nc5 18. Ne3 Nxb3 19. axb3 b5 20. b4 Rxc1 21. Rxc1 Rc8 22. Rxc8 Bxc8 23. Bc3 Be6 24. g3 Nd7 25. Kf2 Nb6 26. Nc2 Na4 27. Ne1 Bc7 28. Nd3 Bb6+ 29. Ke1 Nxc3 30. bxc3 Kd6 31. Bf1 Bg1 32. h3 Be3 33. Ke2 Bb6 34. Kd2 Bc4 35. Be2 f5 36. Nb2 Be6 37. g4 fxg4 38. fxg4 Ke7 39. c4 Bd4 40. Kc2 Bxb2 41. Kxb2 bxc4 42. h4 g5 43. hxg5 Kf7 44. Kc3 Kg6 45. Bxc4 Bc8 46. Bg8 Bb7 47. Bd5 Bc8 48. Bg8 Bxg4 49. Kc4 Bd1 50. Kc5 Kxg5 51. Bxh7 Kf4 52. Kb6 Be2 53. Bf5 Bd3 54. Bc8 Kxe4 55. Bxa6 Kd4 56. Bxd3 Kxd3 57. b5 Ke4 1/2-1/2

[Event "25th Abu Dhabi Master 2018"]
[Site "Abu Dhabi"]
[Date "2018.08.08"]
[Round "2"]
[White "Esenbek Uulu, Ilimbek"]
[Black "Sammed Jaykumar, Shete"]
[Result "0-1"]
[ECO "C51"]
[WhiteElo "2159"]
[BlackElo "2314"]
[Annotator "NA"]
[PlyCount "93"]
[EventDate "2018.08.05"]
[EventType "swiss"]
[EventCountry "UAE"]
[SourceTitle "playchess.com"]
[Source "ChessBase"]
[SourceQuality "1"]
[TimeControl "5400+30"]

1. e4 e5 2. Nf3 Nc6 3. Bc4 Bc5 4. b4 Bxb4 5. c3 Be7 6. d4 Na5 7. Be2 d6 8. Qa4+ c6 9. dxe5 dxe5 10. Nxe5 Nf6 11. O-O O-O 12. Rd1 Qc7 13. Bf4 b5 14. Qc2 Qb6 15. Nd2 Re8 16. Rab1 Bc5 17. Bg3 Be6 18. Nd3 Nc4 19. Nxc5 Na3 20. Qb2 Nxb1 21. Ndb3 Bxb3 22. Nxb3 Nxc3 23. Qxc3 Nxe4 24. Qf3 Nxg3 25. hxg3 Rad8 26. Rxd8 Rxd8 27. Qc3 Re8 28. Bf3 b4 29. Qc1 c5 30. Bd5 Qd6 31. Bc4 Re5 32. f4 Re7 33. Kf2 a5 34. a4 bxa3 35. Qxa3 Re4 36. Qa4 Kf8 37. Qb5 g5 38. Bd3 Rb4 39. Qxc5 Qxc5+ 40. Nxc5 gxf4 41. gxf4 a4 42. Be4 a3 43. Bd5 Rb5 44. Nd7+ Ke7 45. Bc6 Rb2+ 46. Ke3 a2 47. Kd4 0-1

[Event "25th Abu Dhabi Master 2018"]
[Site "Abu Dhabi"]
[Date "2018.08.08"]
[Round "2"]
[White "Ajay, Karthikeyan"]
[Black "Eric, Jovana"]
[Result "0-1"]
[ECO "A45"]
[WhiteElo "2156"]
[BlackElo "2307"]
[Annotator "NA"]
[PlyCount "98"]
[EventDate "2018.08.05"]
[EventType "swiss"]
[EventCountry "UAE"]
[SourceTitle "playchess.com"]
[Source "ChessBase"]
[SourceQuality "1"]
[TimeControl "5400+30"]

1. d4 Nf6 2. Bf4 g6 3. Nc3 d6 4. e4 Bg7 5. Qd2 O-O 6. O-O-O c6 7. h4 h5 8. Nf3 b5 9. Bd3 b4 10. Ne2 Qa5 11. Kb1 Ng4 12. Nc1 c5 13. Nb3 Qb6 14. dxc5 dxc5 15. Be3 Nd7 16. Bg5 Re8 17. Bc4 Nde5 18. Nxe5 Nxe5 19. Bd5 Bb7 20. Be3 Rac8 21. Bxc5 Qc7 22. Qxb4 Bxd5 23. Rxd5 e6 24. Rd2 a5 25. Qa4 Qb7 26. f4 Ng4 27. e5 Rb8 28. a3 Rec8 29. Qxa5 Qe4 30. Rd4 Qxg2 31. Rhd1 Kh7 32. Rd7 Qf3 33. R1d4 Nh6 34. Qd2 Rxb3 35. cxb3 Rxc5 36. b4 Rc8 37. Qd1 Qc6 38. a4 Nf5 39. b5 Qc5 40. Rd3 Ne3 41. Rxe3 Qxe3 42. Rxf7 Qe4+ 43. Ka2 Rc4 44. Ra7 Qxf4 45. b6 Qxe5 46. Qb3 Rc1 47. Qb4 Qd5+ 48. Qb3 Ra1+ 49. Kxa1 Qxb3 0-1

[Event "25th Abu Dhabi Master 2018"]
[Site "Abu Dhabi"]
[Date "2018.08.08"]
[Round "2"]
[White "Ivana Maria, Furtado"]
[Black "Gomes, Mary Ann"]
[Result "0-1"]
[ECO "A46"]
[WhiteElo "2146"]
[BlackElo "2303"]
[Annotator "NA"]
[PlyCount "72"]
[EventDate "2018.08.05"]
[EventType "swiss"]
[EventCountry "UAE"]
[SourceTitle "playchess.com"]
[Source "ChessBase"]
[SourceQuality "1"]
[TimeControl "5400+30"]

1. d4 Nf6 2. Nf3 e6 3. g3 b6 4. Bg2 Bb7 5. O-O c5 6. c4 cxd4 7. Qxd4 Nc6 8. Qd3 Rc8 9. b3 b5 10. Na3 Nb4 11. Qd1 bxc4 12. Nxc4 d5 13. Nce5 Ne4 14. a3 Nc6 15. Bb2 Nxe5 16. Nxe5 f6 17. Bxe4 fxe5 18. Bd3 Bd6 19. e4 O-O 20. exd5 exd5 21. Bxe5 Bxe5 22. Qh5 Re8 23. Bxh7+ Kf8 24. Rae1 Bc3 25. Rd1 d4 26. Bg6 Qd5 27. Qh8+ Ke7 28. Qxg7+ Kd6 29. f3 d3 30. Qh6 Bd4+ 31. Kg2 Re2+ 32. Kh3 Qe6+ 33. g4 Rh8 34. Qxh8 Bxh8 35. Rxd3+ Ke7 36. Rfd1 Bc6 0-1

[Event "25th Abu Dhabi Master 2018"]
[Site "Abu Dhabi"]
[Date "2018.08.08"]
[Round "2"]
[White "Isha, Sharma"]
[Black "Karthik, Kumar Pradeep"]
[Result "0-1"]
[ECO "B40"]
[WhiteElo "2145"]
[BlackElo "2295"]
[Annotator "NA"]
[PlyCount "52"]
[EventDate "2018.08.05"]
[EventType "swiss"]
[EventCountry "UAE"]
[SourceTitle "playchess.com"]
[Source "ChessBase"]
[SourceQuality "1"]
[TimeControl "5400+30"]

1. e4 c5 2. Nf3 e6 3. d3 Nc6 4. g3 g6 5. Bg2 Bg7 6. O-O Nge7 7. Re1 e5 8. Nbd2 O-O 9. a4 d6 10. Nc4 h6 11. Be3 f5 12. Qc1 Kh7 13. c3 f4 14. gxf4 Bg4 15. fxe5 Bxf3 16. exd6 Nc8 17. Bf4 Bxg2 18. Kxg2 Qf6 19. Bg3 Qf3+ 20. Kg1 Qxd3 21. Na3 Ne5 22. Rd1 Nf3+ 23. Kg2 Nh4+ 24. Bxh4 Qxe4+ 25. Kh3 Qf3+ 26. Bg3 Rf5 0-1

[Event "25th Abu Dhabi Master 2018"]
[Site "Abu Dhabi"]
[Date "2018.08.08"]
[Round "2"]
[White "Sultan, Ibrahim"]
[Black "Patil, Pratik"]
[Result "0-1"]
[ECO "D86"]
[WhiteElo "2140"]
[BlackElo "1911"]
[Annotator "NA"]
[PlyCount "121"]
[EventDate "2018.08.05"]
[EventType "swiss"]
[EventCountry "UAE"]
[SourceTitle "playchess.com"]
[Source "ChessBase"]
[SourceQuality "1"]
[TimeControl "5400+30"]

1. d4 Nf6 2. c4 g6 3. Nc3 d5 4. cxd5 Nxd5 5. e4 Nxc3 6. bxc3 Bg7 7. Bc4 c5 8. Ne2 Nc6 9. Be3 O-O 10. O-O Bd7 11. Qd2 Rc8 12. Rac1 Qa5 13. Qb2 b6 14. Qb3 Nb8 15. Nf4 e6 16. Be2 cxd4 17. cxd4 e5 18. Rxc8 Bxc8 19. dxe5 Qxe5 20. f3 Nc6 21. Rd1 Rd8 22. Rxd8+ Nxd8 23. Qa4 Bf8 24. Nd5 Be6 25. Bd4 Qxd4+ 26. Qxd4 Bc5 27. Qxc5 bxc5 28. Bc4 Kf8 29. Kf2 Nc6 30. Ke3 Nb4 31. Kd2 Nxd5 32. exd5 Bd7 33. g4 h6 34. h4 g5 35. hxg5 hxg5 36. Ke3 Ke7 37. d6+ Kxd6 38. Bxf7 Ke5 39. Bc4 Bc6 40. Bb3 Bb5 41. Bf7 Bc6 42. Bc4 Ba4 43. Bf7 Bb5 44. Bg8 c4 45. Bf7 a5 46. Bg8 c3 47. Bf7 c2 48. Kd2 Bc6 49. Kxc2 Bxf3 50. Kb3 Bxg4 51. Ka4 Be6 52. Bh5 Bxa2 53. Kxa5 Kf4 54. Be8 g4 55. Bc6 Bb1 56. Kb4 g3 57. Bg2 Be4 58. Bf1 Ke3 59. Bh3 Kf2 60. Kc3 Bf5 61. Kd4 0-1

[Event "25th Abu Dhabi Master 2018"]
[Site "Abu Dhabi"]
[Date "2018.08.08"]
[Round "2"]
[White "Al Hosani, Omran"]
[Black "Kushagra, Mohan"]
[Result "0-1"]
[ECO "A45"]
[WhiteElo "2135"]
[BlackElo "2270"]
[Annotator "NA"]
[PlyCount "114"]
[EventDate "2018.08.05"]
[EventType "swiss"]
[EventCountry "UAE"]
[SourceTitle "playchess.com"]
[Source "ChessBase"]
[SourceQuality "1"]
[TimeControl "5400+30"]

1. d4 Nf6 2. Bf4 g6 3. Nc3 d5 4. e3 Bg7 5. h4 O-O 6. h5 c5 7. hxg6 hxg6 8. Nb5 Nc6 9. Nc7 e5 10. dxe5 Qxc7 11. exf6 Qa5+ 12. Qd2 Bxf6 13. Qxa5 Nxa5 14. O-O-O b6 15. Nf3 Bb7 16. Bg5 Bg7 17. Be2 Rfe8 18. Bb5 Re4 19. c3 Nc4 20. Rh4 Rxh4 21. Bxh4 Nd6 22. Bd3 Re8 23. Nh2 Ne4 24. Ng4 g5 25. f3 gxh4 26. fxe4 dxe4 27. Bc4 Bc8 28. Rf1 Be6 29. Bb5 Rd8 30. Nf6+ Bxf6 31. Rxf6 Bxa2 32. Rf4 Bd5 33. Rxh4 Rd6 34. Rg4+ Rg6 35. Rxg6+ fxg6 36. Kd2 Kg7 37. Ke2 Kf6 38. Kf2 Bb7 39. Be2 a6 40. Kg3 Kg5 41. Bf1 b5 42. Be2 b4 43. cxb4 cxb4 44. Kf2 Kh4 45. Bf1 a5 46. g3+ Kg4 47. Be2+ Kh3 48. Bf1+ Kh2 49. Bb5 Bd5 50. Ba4 Bc4 51. Bc2 Bd5 52. Ba4 g5 53. Bd1 b3 54. Be2 a4 55. Bd1 Bc4 56. g4 a3 57. bxa3 b2 0-1

[Event "25th Abu Dhabi Master 2018"]
[Site "Abu Dhabi"]
[Date "2018.08.08"]
[Round "2"]
[White "Hakobyan, Eduard"]
[Black "Jubin, Jimmy"]
[Result "0-1"]
[ECO "B12"]
[WhiteElo "2134"]
[BlackElo "2267"]
[Annotator "NA"]
[PlyCount "52"]
[EventDate "2018.08.05"]
[EventType "swiss"]
[EventCountry "UAE"]
[SourceTitle "playchess.com"]
[Source "ChessBase"]
[SourceQuality "1"]
[TimeControl "5400+30"]

1. e4 c6 2. d4 d5 3. e5 Bf5 4. Nd2 e6 5. Nb3 Nd7 6. Nf3 Ne7 7. Be2 Ng6 8. O-O Be7 9. Ne1 Ngf8 10. Bd2 Qc7 11. a4 a6 12. Nd3 c5 13. dxc5 Bxd3 14. cxd3 Nxc5 15. Rc1 Qb6 16. Nxc5 Bxc5 17. a5 Qa7 18. Qa4+ Nd7 19. d4 Bxd4 20. Rc7 Rd8 21. Rfc1 Bxf2+ 22. Kf1 Qd4 23. Bb4 Bg1 24. Ke1 Bxh2 25. R1c3 Bxe5 26. Rxd7 Qg1+ 0-1

[Event "25th Abu Dhabi Master 2018"]
[Site "Abu Dhabi"]
[Date "2018.08.08"]
[Round "2"]
[White "Villanueva, Nelson"]
[Black "Pranav, Anand"]
[Result "0-1"]
[ECO "E04"]
[WhiteElo "2133"]
[BlackElo "2260"]
[Annotator "NA"]
[PlyCount "94"]
[EventDate "2018.08.05"]
[EventType "swiss"]
[EventCountry "UAE"]
[SourceTitle "playchess.com"]
[Source "ChessBase"]
[SourceQuality "1"]
[TimeControl "5400+30"]

1. d4 Nf6 2. c4 e6 3. Nf3 d5 4. g3 dxc4 5. Bg2 a6 6. Ne5 Bb4+ 7. Nc3 Nd5 8. O-O O-O 9. Qc2 b5 10. Rd1 Bb7 11. Ne4 f6 12. Nf3 Nd7 13. b3 cxb3 14. axb3 Qe7 15. Bb2 Rac8 16. h4 c5 17. dxc5 Nxc5 18. Nxc5 Bxc5 19. Qb1 Nb4 20. e3 Rfd8 21. Rxd8+ Rxd8 22. Ne1 Bxg2 23. Nxg2 e5 24. h5 Qf7 25. Bc3 Qxh5 26. Qe4 Rd1+ 27. Rxd1 Qxd1+ 28. Kh2 Qxb3 29. Bxb4 Bxb4 30. Qa8+ Bf8 31. Qxa6 b4 32. Nh4 Qf7 33. Qc8 g6 34. Qb8 Qa2 35. Kg2 Qd5+ 36. Nf3 h5 37. Qb6 Kf7 38. Qc7+ Be7 39. Qc2 b3 40. Qc7 g5 41. e4 Qxe4 42. Qc3 g4 43. Qxb3+ Kg7 44. Qe6 Qxf3+ 45. Kh2 Qxf2+ 46. Kh1 Qf1+ 47. Kh2 Qf5 0-1

[Event "25th Abu Dhabi Master 2018"]
[Site "Abu Dhabi"]
[Date "2018.08.08"]
[Round "2"]
[White "Byron, Alan M"]
[Black "Krishnater, Kushager"]
[Result "1/2-1/2"]
[ECO "C50"]
[WhiteElo "2132"]
[BlackElo "2256"]
[Annotator "NA"]
[PlyCount "80"]
[EventDate "2018.08.05"]
[EventType "swiss"]
[EventCountry "UAE"]
[SourceTitle "playchess.com"]
[Source "ChessBase"]
[SourceQuality "1"]
[TimeControl "5400+30"]

1. e4 e5 2. Nf3 Nc6 3. Bc4 Bc5 4. d3 Nf6 5. a4 d6 6. c3 a6 7. b4 Ba7 8. O-O O-O 9. Qe2 a5 10. b5 Ne7 11. Be3 Bxe3 12. Qxe3 Ng6 13. Nbd2 b6 14. Rad1 Bb7 15. d4 Qe7 16. Rfe1 h6 17. g3 Rfe8 18. d5 Bc8 19. Bf1 Nh7 20. Bg2 Rf8 21. Nc4 f5 22. exf5 Bxf5 23. Nd4 Qf6 24. Nxf5 Qxf5 25. Be4 Qh5 26. Qe2 Qxe2 27. Rxe2 Rf6 28. h4 Ngf8 29. Ne3 Nd7 30. Ng2 Nc5 31. Bc2 Rf3 32. Re3 Raf8 33. Rd2 Rxe3 34. Nxe3 Nf6 35. f3 Nfd7 36. Kg2 h5 37. Rd1 Rf6 38. Ra1 g6 39. Rf1 Kg7 40. Re1 Rf8 1/2-1/2

[Event "25th Abu Dhabi Master 2018"]
[Site "Abu Dhabi"]
[Date "2018.08.08"]
[Round "2"]
[White "Al Hajiri, Bader"]
[Black "Srija, Seshadri"]
[Result "0-1"]
[ECO "C58"]
[WhiteElo "2120"]
[BlackElo "2255"]
[Annotator "NA"]
[PlyCount "66"]
[EventDate "2018.08.05"]
[EventType "swiss"]
[EventCountry "UAE"]
[SourceTitle "playchess.com"]
[Source "ChessBase"]
[SourceQuality "1"]
[TimeControl "5400+30"]

1. e4 e5 2. Nf3 Nc6 3. Bc4 Nf6 4. Ng5 d5 5. exd5 Na5 6. Bb5+ c6 7. dxc6 bxc6 8. Qf3 Be7 9. Bxc6+ Nxc6 10. Qxc6+ Bd7 11. Qc4 O-O 12. Nc3 h6 13. Nf3 Rc8 14. Qe2 e4 15. Ne5 Bf5 16. O-O Qd4 17. Qb5 Bc5 18. b4 Qxe5 19. bxc5 Ng4 20. g3 Rxc5 21. Qe2 Rb8 22. a4 Qe6 23. Ba3 Rcc8 24. Rae1 Nf6 25. f3 Bh3 26. Rf2 e3 27. Rff1 Bxf1 28. Qxf1 Qb6 29. a5 Qxa5 30. Rxe3 Qxa3 31. Nd5 Qc5 32. Ne7+ Kh8 33. Nxc8 Nd5 0-1

[Event "25th Abu Dhabi Master 2018"]
[Site "Abu Dhabi"]
[Date "2018.08.08"]
[Round "2"]
[White "Salonika, Saina"]
[Black "Idani, Pouya"]
[Result "0-1"]
[ECO "B23"]
[WhiteElo "2069"]
[BlackElo "2599"]
[Annotator "ChessBase"]
[PlyCount "138"]
[EventDate "2018.08.05"]
[EventType "swiss"]
[EventCountry "UAE"]
[SourceTitle "playchess.com"]
[Source "ChessBase"]
[SourceQuality "1"]
[TimeControl "5400+30"]

1. e4 c5 2. Nc3 d6 3. f4 g6 4. Nf3 Bg7 5. Bc4 Nc6 6. d3 e6 7. O-O Nge7 8. Bb3 O-O 9. Qe1 Na5 10. Be3 b6 11. Qh4 d5 12. f5 gxf5 13. exd5 Nxb3 14. axb3 Nxd5 15. Nxd5 Qxd5 16. Ng5 h6 17. Nh3 Bb7 18. Qg3 Qe5 19. Bf4 Qf6 20. Rae1 Kh7 21. Be5 Qg6 22. Qxg6+ Kxg6 23. Nf4+ Kh7 24. Bxg7 Kxg7 25. g4 Rg8 26. gxf5 Kf6+ 27. Kf2 Kxf5 28. Ke3 Ke5 29. Kd2+ Kd6 30. Re2 Raf8 31. Nh5 Ke7 32. Ng3 Rg6 33. Nf5+ Kd7 34. Ne3 b5 35. Rf4 f5 36. Ref2 Bc6 37. b4 cxb4 38. Rxb4 Rg5 39. Rbf4 Ke7 40. b4 Bd7 41. d4 Bc6 42. c4 bxc4 43. Nxc4 Rb8 44. Kc3 Bd5 45. Ne3 Be4 46. Ra2 Rb7 47. Rh4 h5 48. Ra5 Kf6 49. Ra6 Rc7+ 50. Kd2 Rd7 51. Kc3 Bf3 52. Rf4 Be2 53. Rc6 Bb5 54. Rc5 a6 55. Kb2 Rd8 56. Rc1 Rd6 57. Rc3 Bc6 58. Ra3 Be4 59. Kc3 Rg1 60. Rf1 Rc6+ 61. Kd2 Rxf1 62. Nxf1 f4 63. Rc3 Rxc3 64. Kxc3 Bg2 65. Nd2 Kf5 66. Kd3 Kg4 67. Ke2 Kh3 68. Nb3 Bd5 69. Nc5 Kg2 0-1